Blue Jackets vs Avalanche
Created - 29 décembre 2014 at 21:50
Goals
|
| Blue Jackets |
1 |
0 |
2 |
0 |
1 |
4 |
| Avalanche |
0 |
1 |
2 |
0 |
0 |
3 |
|
Shots
|
| Blue Jackets |
9 |
4 |
17 |
1 |
4 |
31 |
| Avalanche |
4 |
8 |
9 |
1 |
4 |
22 |
|
1st period
1. Blue Jackets , Marc Savard 15 (David Booth) at 9:25
Penalties :
Max Pacioretty (Col) for Cross-checking (Minor) at 3:09, François Beauchemin (Clb) for Hooking (Minor) at 11:24, Wade Redden (Clb) for Tripping (Minor) at 18:08
2nd period
2. Avalanche , Max Pacioretty 3 (Drew Doughty, Dave Tanabe) at 11:04
Penalties :
Andrew Ladd (Col) for Roughing (Minor) at 1:00, Marcus Nilson (Clb) for Holding (Minor) at 8:04, Wade Redden (Clb) for Holding Stick (Minor) at 16:18
3rd period
3. Avalanche , Maxim Talbot 3 (Chuck Kobasew, Drew Doughty) at 3:46
4. Blue Jackets , Dave Steckel 5 (A.J Thelen, Mike Commodore) at 5:44
5. Avalanche , Ryan Smyth 19 (Corey Perry) at 11:02
6. Blue Jackets , Andreas Nodl 1 (Jeff Taffe, Kevin Bieksa) at 13:55
Penalties :
A.J Thelen (Clb) for Hooking (Minor) at 1:28, Corey Perry (Col) for Holding (Minor) at 11:45, Shane O'Brien (Col) for Holding (Minor) at 14:26, Bryan Little (Col) for Tripping (Minor) at 19:37
Overtime #1
No Goal
Penalties :
No Penalty
Shootout
Penalty Shot by Marc Savard for Blue Jackets - Stopped by Jimmy Howard
Penalty Shot by Corey Perry for Avalanche - Stopped by Rick DiPietro
Penalty Shot by David Booth for Blue Jackets - Stopped by Jimmy Howard
Penalty Shot by Ryan Smyth for Avalanche - Stopped by Rick DiPietro
Penalty Shot by Blake Wheeler for Blue Jackets - Shot Misses the Net
Penalty Shot by Bryan Little for Avalanche - Shot Misses the Net
Penalty Shot by Chris Kelly for Blue Jackets - Goal!
Penalty Shot by Jason Pominville for Avalanche - Shot Misses the Net
Penalties :
No Penalty
Goalie Stats
Rick DiPietro (Clb), 19 saves from 22 shots - (0,864), W, 18-10-4, 65:00 minutes
Jimmy Howard (Col), 28 saves from 31 shots - (0,903), OTL, 18-9-1, 65:00 minutes
Players Stats for Blue Jackets
Player Name G A P +/- PIM S H SB GA TA FO MP PP MP PK MP
------------------------------------------------------------------------------------
A.J Thelen 0 1 1 2 2 1 1 0 0 0 0/0 13:24 0:00 3:59
Adam Deadmarsh 0 0 0 0 0 0 0 0 0 0 0/0 7:37 0:00 0:00
Andreas Nodl 1 0 1 2 0 1 2 0 0 0 0/0 7:11 0:00 0:00
Blake Wheeler 0 0 0 0 0 2 2 1 0 0 1/2 21:50 4:36 2:58
Brad Stuart 0 0 0 -1 0 3 0 1 0 2 0/0 23:46 3:40 4:03
Chris Kelly 0 0 0 0 0 3 2 0 0 0 2/6 14:55 3:42 2:58
Dave Steckel 1 0 1 2 0 1 2 0 0 0 0/1 7:11 0:00 0:00
David Booth 0 1 1 -1 0 4 2 0 0 1 2/2 26:35 4:36 4:55
François Beauchemin 0 0 0 -1 2 0 0 1 3 0 0/0 22:25 3:40 2:53
Jan Bulis 0 0 0 0 0 2 2 0 0 0 2/8 13:49 0:00 0:00
Jason Ward 0 0 0 0 0 1 2 0 0 0 0/0 15:22 3:42 0:00
Jeff Taffe 0 1 1 0 0 0 1 0 1 0 0/0 11:14 0:00 2:08
Kevin Bieksa 0 1 1 -2 0 2 5 4 1 1 0/0 32:51 4:38 5:52
Marc Savard 1 0 1 0 0 2 1 0 0 0 22/42 25:27 4:36 4:58
Marcus Nilson 0 0 0 -2 2 3 3 0 0 0 0/0 14:21 3:42 1:40
Mike Commodore 0 1 1 3 0 0 1 0 0 0 0/0 8:49 0:00 0:11
Ramzi Abid 0 0 0 0 0 4 0 0 0 0 0/1 13:38 0:00 0:13
Wade Redden 0 0 0 -2 4 2 1 0 1 0 0/0 29:35 4:38 2:52
Players Stats for Avalanche
Player Name G A P +/- PIM S H SB GA TA FO MP PP MP PK MP
------------------------------------------------------------------------------------
Andrew Ladd 0 0 0 0 2 2 1 0 1 0 0/1 13:16 0:00 3:05
Brian Campbell 0 0 0 1 0 0 1 0 0 0 0/0 18:36 4:34 0:12
Bryan Little 0 0 0 -1 2 2 1 0 0 1 9/16 18:25 4:46 0:16
Chuck Kobasew 0 1 1 1 0 1 0 0 0 1 1/1 10:45 0:00 2:30
Corey Perry 0 1 1 0 2 3 4 0 0 0 2/5 19:35 5:09 0:00
Dave Tanabe 0 1 1 -1 0 0 0 1 0 2 0/0 25:05 5:21 3:51
Drew Doughty 0 2 2 1 0 1 0 3 0 0 0/0 23:39 5:21 0:39
Dustin Byfuglien 0 0 0 0 0 0 2 1 0 0 6/11 13:58 0:02 4:51
Jack Johnson 0 0 0 1 0 1 2 1 0 1 0/0 25:26 4:34 6:04
Jason Allison 0 0 0 0 0 1 2 0 1 0 12/21 21:39 5:09 1:42
Jason Pominville 0 0 0 -1 0 2 0 0 1 0 1/1 18:19 4:44 0:53
Marc Staal 0 0 0 0 0 2 2 3 0 1 0/0 21:48 0:00 6:04
Max Pacioretty 1 0 1 0 2 1 4 0 0 0 0/0 12:41 4:44 0:25
Maxim Talbot 1 0 1 1 0 3 1 0 0 0 2/4 7:44 0:00 0:00
Michael Rupp 0 0 0 -1 0 0 4 1 1 0 0/1 16:42 0:00 4:31
Rostislav Olesz 0 0 0 0 0 1 1 0 0 0 0/0 8:51 0:02 0:00
Ryan Smyth 1 0 1 1 0 2 0 1 0 0 0/1 17:49 5:09 0:00
Shane O'Brien 0 0 0 -2 2 0 0 3 0 0 0/0 15:42 0:00 3:00
3 Stars
1 - Dave Steckel (Clb)
2 - Andreas Nodl (Clb)
3 - Drew Doughty (Col)
Power Play
Blue Jackets - 0 on 5 Attempt(s) - 0,00%
Avalanche - 0 on 5 Attempt(s) - 0,00%
Penalty Kill
Blue Jackets - 5 on 5 Attempt(s) - 100,00%
- Score 0 goal in Penalty Kill
Avalanche - 5 on 5 Attempt(s) - 100,00%
- Score 0 goal in Penalty Kill
Official
Referees : Walsh Ian and Fraser Kerry
Linesman : Steve Miller and Greg Devorski
Game Notes
No Game Note
Finance
Level 1 -- Attendance: 5801 (96,68%) -- Ticket Income 487 284 $
Level 2 -- Attendance: 5000 (100,00%) -- Ticket Income 250 000 $
Level 3 -- Attendance: 1947 (97,35%) -- Ticket Income 54 516 $
Level 4 -- Attendance: 4000 (100,00%) -- Ticket Income 72 000 $
Luxury Box -- Attendance: 1000 (100,00%) -- Ticket Income 167 000 $
Game was played at the Pepsi Center
Total Attendance: 17748 (98,60%)
Total Ticket Income: 1 030 800 $
Other Income: 154 620 $
Total Income: 1 185 420 $
Blue Jackets
5 vs 5 Forward
Center Left Wing Right Wing Time % Phy DF OF
1 Marc Savard David Booth Blake Wheeler 40 1 2 2
2 Jan Bulis Ramzi Abid Jason Ward 30 1 2 2
3 Chris Kelly Marcus Nilson Adam Deadmarsh 20 1 2 2
4 Dave Steckel Jeff Taffe Andreas Nodl 10 1 2 2
5 vs 5 Defense
Defense Defense Time % Phy DF OF
1 Wade Redden Kevin Bieksa 40 1 2 2
2 François Beauchemin Brad Stuart 30 1 2 2
3 Mike Commodore A.J Thelen 20 1 2 2
4 Wade Redden Kevin Bieksa 10 1 2 2
PowerPlay Forward
Center Left Wing Right Wing Time % Phy DF OF
1 Marc Savard David Booth Blake Wheeler 60 1 2 2
2 Chris Kelly Marcus Nilson Jason Ward 40 1 2 2
PowerPlay Defense
Defense Defense Time % Phy DF OF
1 Wade Redden Kevin Bieksa 60 1 2 2
2 François Beauchemin Brad Stuart 40 1 2 2
Penalty Kill 4 Players Forward
Center Wing Time % Phy DF OF
1 Marc Savard David Booth 60 1 2 2
2 Blake Wheeler Chris Kelly 40 1 2 2
Penalty Kill 4 Players Defense
Defense Defense Time % Phy DF OF
1 Wade Redden Kevin Bieksa 60 1 2 2
2 François Beauchemin Brad Stuart 40 1 2 2
Penalty Kill - 3 Players Forward
Forward Time % Phy DF OF
1 Marc Savard 60 1 2 2
2 David Booth 40 1 2 2
Penalty Kill - 3 Players Defense
Defense Defense Time % Phy DF OF
1 Wade Redden Kevin Bieksa 60 1 2 2
2 François Beauchemin Brad Stuart 40 1 2 2
4 vs 4 Forward
Center Wing Time % Phy DF OF
1 Marc Savard David Booth 60 1 2 2
2 Blake Wheeler Chris Kelly 40 1 2 2
4 vs 4 Defense
Defense Defense Time % Phy DF OF
1 Wade Redden Kevin Bieksa 60 1 2 2
2 François Beauchemin Brad Stuart 40 1 2 2
Last Minutes Offensive
Center Left Wing Right Wing Defense Defense
Marc Savard David Booth Blake Wheeler Wade Redden Kevin Bieksa
Last Minutes Defensive
Center Left Wing Right Wing Defense Defense
Marc Savard David Booth Blake Wheeler Wade Redden Kevin Bieksa
Goaltenders
Starting : Rick DiPietro
Backup : Mathieu Garon
Extra Forwards
Normal : Ramzi Abid, Jan Bulis, Jeff Taffe - PP : Ramzi Abid, Jan Bulis - PK : Jeff Taffe
Extra Defensemen
Normal : Mike Commodore, A.J Thelen, François Beauchemin - PP : Mike Commodore - PK : A.J Thelen, François Beauchemin
Penalty Shots
Marc Savard, David Booth, Blake Wheeler, Chris Kelly, Marcus Nilson
Avalanche
5 vs 5 Forward
Center Left Wing Right Wing Time % Phy DF OF
1 Jason Allison Ryan Smyth Corey Perry 35 1 2 2
2 Bryan Little Michael Rupp Jason Pominville 35 1 2 2
3 Maxim Talbot Andrew Ladd Chuck Kobasew 15 1 2 2
4 Dustin Byfuglien Max Pacioretty Rostislav Olesz 15 1 2 2
5 vs 5 Defense
Defense Defense Time % Phy DF OF
1 Jack Johnson Brian Campbell 35 1 2 2
2 Marc Staal Drew Doughty 35 1 2 2
3 Dave Tanabe Shane O'Brien 30 1 2 2
4 Jack Johnson Brian Campbell 0 1 2 2
PowerPlay Forward
Center Left Wing Right Wing Time % Phy DF OF
1 Jason Allison Ryan Smyth Corey Perry 60 1 2 2
2 Bryan Little Max Pacioretty Jason Pominville 40 1 2 2
PowerPlay Defense
Defense Defense Time % Phy DF OF
1 Drew Doughty Dave Tanabe 60 1 2 2
2 Brian Campbell Jack Johnson 40 1 2 2
Penalty Kill 4 Players Forward
Center Wing Time % Phy DF OF
1 Dustin Byfuglien Michael Rupp 60 1 2 2
2 Andrew Ladd Chuck Kobasew 40 1 2 2
Penalty Kill 4 Players Defense
Defense Defense Time % Phy DF OF
1 Jack Johnson Marc Staal 60 1 2 2
2 Dave Tanabe Shane O'Brien 40 1 2 2
Penalty Kill - 3 Players Forward
Forward Time % Phy DF OF
1 Jason Pominville 60 1 2 2
2 Dustin Byfuglien 40 1 2 2
Penalty Kill - 3 Players Defense
Defense Defense Time % Phy DF OF
1 Jack Johnson Marc Staal 60 1 2 2
2 Dave Tanabe Shane O'Brien 40 1 2 2
4 vs 4 Forward
Center Wing Time % Phy DF OF
1 Corey Perry Jason Allison 60 1 2 2
2 Ryan Smyth Dustin Byfuglien 40 1 2 2
4 vs 4 Defense
Defense Defense Time % Phy DF OF
1 Jack Johnson Marc Staal 60 1 2 2
2 Dave Tanabe Drew Doughty 40 1 2 2
Last Minutes Offensive
Center Left Wing Right Wing Defense Defense
Jason Allison Ryan Smyth Corey Perry Drew Doughty Dave Tanabe
Last Minutes Defensive
Center Left Wing Right Wing Defense Defense
Jason Allison Michael Rupp Chuck Kobasew Jack Johnson Marc Staal
Goaltenders
Starting : Jimmy Howard
Backup : Marty Turco
Extra Forwards
Normal : Dustin Byfuglien, Rostislav Olesz, Andrew Ladd - PP : Dustin Byfuglien, Rostislav Olesz - PK : Andrew Ladd
Extra Defensemen
Normal : Dave Tanabe, Shane O'Brien, Drew Doughty - PP : Dave Tanabe - PK : Shane O'Brien, Drew Doughty
Penalty Shots
Corey Perry, Ryan Smyth, Bryan Little, Jason Pominville, Dave Tanabe
% Time on Ice - Blue Jackets
Lines # - Real PCT - Wanted PCT - Time Play
Normal Forward
1 - 37% - 40% - 15:17
2 - 29% - 30% - 12:14
3 - 17% - 20% - 7:05
4 - 17% - 10% - 7:11
Normal Defense
1 - 44% - 40% - 18:27
2 - 32% - 30% - 13:34
3 - 20% - 20% - 8:23
4 - 3% - 10% - 1:23
PP Forward
1 - 55% - 60% - 4:36
2 - 45% - 40% - 3:42
PP Defense
1 - 56% - 60% - 4:38
2 - 44% - 40% - 3:40
PK Forward
1 - 70% - 60% - 6:57
2 - 30% - 40% - 2:58
PK Defense
1 - 58% - 60% - 5:47
2 - 42% - 40% - 4:08
PK3 Forward
1 - 0% - 60%
2 - 0% - 40%
PK3 Defense
1 - 0% - 60%
2 - 0% - 40%
44 Forward
1 - 77% - 60% - 3:52
2 - 23% - 40% - 1:08
44 Defense
1 - 50% - 60% - 2:31
2 - 50% - 40% - 2:29
Last Minute Offensive - 0:00
Last Minute Defensive - 0:00
Total
Forward - 65:00
Defense - 65:00
|
% Time on Ice - Avalanche
Lines # - Real PCT - Wanted PCT - Time Play
Normal Forward
1 - 33% - 35% - 13:44
2 - 32% - 35% - 13:14
3 - 19% - 15% - 7:44
4 - 17% - 15% - 7:05
Normal Defense
1 - 36% - 35% - 14:52
2 - 38% - 35% - 15:48
3 - 27% - 30% - 11:07
4 - 0% - 0% - 0:00
PP Forward
1 - 52% - 60% - 5:09
2 - 48% - 40% - 4:46
PP Defense
1 - 54% - 60% - 5:21
2 - 46% - 40% - 4:34
PK Forward
1 - 70% - 60% - 5:48
2 - 30% - 40% - 2:30
PK Defense
1 - 61% - 60% - 5:03
2 - 39% - 40% - 3:15
PK3 Forward
1 - 79% - 60% - 1:17
2 - 21% - 40% - 0:20
PK3 Defense
1 - 63% - 60% - 1:01
2 - 37% - 40% - 0:36
44 Forward
1 - 96% - 60% - 3:14
2 - 4% - 40% - 0:09
44 Defense
1 - 49% - 60% - 1:39
2 - 51% - 40% - 1:44
Last Minute Offensive - 0:00
Last Minute Defensive - 0:00
Total
Forward - 65:00
Defense - 65:00
|
Play by Play
1st period
0:01 of 1st period - Marc Savard wins face-off versus Ryan Smyth in neutral zone.
0:06 of 1st period - Wrist shot by Marc Savard.
0:06 of 1st period - Deflect By Brian Campbell.
0:06 of 1st period - Shot Misses the Net.
0:06 of 1st period - Puck is out of play.
0:07 of 1st period - Jason Allison wins face-off versus Marc Savard in Avalanche zone.
0:20 of 1st period - Snap shot by Corey Perry.
0:20 of 1st period - Shot Misses the Net.
0:22 of 1st period - Slapshot by Jack Johnson.
0:22 of 1st period - Shot Misses the Net.
0:54 of 1st period - Andrew Ladd is hit by Marcus Nilson and loses puck.
1:33 of 1st period - Blake Wheeler is hit by Marc Staal and loses puck.
1:40 of 1st period - Snap shot by Blake Wheeler.
1:40 of 1st period - Deflect By Ryan Smyth.
1:40 of 1st period - Shot Blocked by Marc Staal.
1:40 of 1st period - Puck is out of play.
1:41 of 1st period - Bryan Little wins face-off versus Jan Bulis in Avalanche zone.
1:41 of 1st period - Bryan Little is hit by Jan Bulis.
2:00 of 1st period - Mike Commodore is hit by Michael Rupp.
3:09 of 1st period - Minor Penalty to Max Pacioretty for Cross-checking.
3:10 of 1st period - Dustin Byfuglien wins face-off versus Marc Savard in Avalanche zone.
3:21 of 1st period - Slapshot by Blake Wheeler.
3:21 of 1st period - Stopped by Jimmy Howard without a rebound.
3:22 of 1st period - Marc Savard wins face-off versus Dustin Byfuglien in Avalanche zone.
3:48 of 1st period - Chuck Kobasew is hit by Jason Ward and loses puck.
5:09 of 1st period - Penalty to Max Pacioretty is over, Max Pacioretty is back on ice.
5:15 of 1st period - Jack Johnson is hit by Andreas Nodl and loses puck.
5:32 of 1st period - Wrist shot by Andrew Ladd.
5:32 of 1st period - Deflect By Jason Allison.
5:32 of 1st period - Stopped by Rick DiPietro with a rebound.
5:34 of 1st period - Snap shot by Marc Staal.
5:34 of 1st period - Stopped by Rick DiPietro without a rebound.
5:35 of 1st period - Bryan Little wins face-off versus Jan Bulis in Blue Jackets zone.
5:56 of 1st period - Kevin Bieksa is hit by Dustin Byfuglien and loses puck.
6:27 of 1st period - Slapshot by Adam Deadmarsh.
6:27 of 1st period - Shot Blocked by Drew Doughty.
6:55 of 1st period - Dave Tanabe is hit by Andreas Nodl and loses puck.
7:44 of 1st period - Backhand shot by Ramzi Abid.
7:44 of 1st period - Shot Blocked by Ryan Smyth.
7:52 of 1st period - Wrist shot by Ramzi Abid.
7:52 of 1st period - Deflect By Ryan Smyth.
7:52 of 1st period - Stopped by Jimmy Howard with a rebound.
8:01 of 1st period - Icing by Brian Campbell.
8:02 of 1st period - Blake Wheeler wins face-off versus Dustin Byfuglien in Avalanche zone.
9:17 of 1st period - Snap shot by Jeff Taffe.
9:17 of 1st period - Shot Misses the Net.
9:19 of 1st period - Slapshot by Brad Stuart.
9:19 of 1st period - Stopped by Jimmy Howard without a rebound.
9:20 of 1st period - David Booth wins face-off versus Bryan Little in Avalanche zone.
9:25 of 1st period - Snap shot by Marc Savard.
9:25 of 1st period - Goal by Marc Savard - Blue Jackets : 1 - Avalanche : 0.
9:26 of 1st period - Marc Savard wins face-off versus Bryan Little in neutral zone.
9:58 of 1st period - Backhand shot by Jason Allison.
9:58 of 1st period - Shot Misses the Net.
10:40 of 1st period - Snap shot by Marc Savard.
10:40 of 1st period - Shot Blocked by Dustin Byfuglien.
10:42 of 1st period - Backhand shot by Kevin Bieksa.
10:42 of 1st period - Shot Blocked by Marc Staal.
10:56 of 1st period - Snap shot by Jason Pominville.
10:56 of 1st period - Shot Misses the Net.
11:22 of 1st period - Wrist shot by Corey Perry.
11:22 of 1st period - Shot Misses the Net.
11:24 of 1st period - Minor Penalty to François Beauchemin for Hooking.
11:25 of 1st period - Jason Allison wins face-off versus Marc Savard in Blue Jackets zone.
13:21 of 1st period - Marcus Nilson is hit by Max Pacioretty and loses puck.
13:24 of 1st period - Penalty to François Beauchemin is over, François Beauchemin is back on ice.
13:38 of 1st period - Snap shot by Ramzi Abid.
13:38 of 1st period - Stopped by Jimmy Howard without a rebound.
13:39 of 1st period - Maxim Talbot wins face-off versus Jan Bulis in Avalanche zone.
13:48 of 1st period - Off-side.
13:49 of 1st period - Marc Savard wins face-off versus Maxim Talbot in neutral zone.
13:52 of 1st period - Dave Tanabe is hit by David Booth.
14:08 of 1st period - Snap shot by Maxim Talbot.
14:08 of 1st period - Shot Misses the Net.
14:10 of 1st period - Wrist shot by Andrew Ladd.
14:10 of 1st period - Stopped by Rick DiPietro without a rebound.
14:11 of 1st period - Jan Bulis wins face-off versus Bryan Little in Blue Jackets zone.
14:25 of 1st period - Slapshot by Jason Ward.
14:25 of 1st period - Shot Misses the Net.
14:27 of 1st period - Slapshot by A.J Thelen.
14:27 of 1st period - Stopped by Jimmy Howard with a rebound.
14:47 of 1st period - Snap shot by Corey Perry.
14:47 of 1st period - Stopped by Rick DiPietro without a rebound.
14:48 of 1st period - Jason Allison wins face-off versus Jan Bulis in Blue Jackets zone.
15:18 of 1st period - Snap shot by Marc Savard.
15:18 of 1st period - Deflect By David Booth.
15:18 of 1st period - Shot Blocked by Michael Rupp.
15:18 of 1st period - Puck is out of play.
15:19 of 1st period - Marc Savard wins face-off versus Bryan Little in Avalanche zone.
15:34 of 1st period - Snap shot by Blake Wheeler.
15:34 of 1st period - Stopped by Jimmy Howard with a rebound.
15:47 of 1st period - Off-side.
15:48 of 1st period - Dustin Byfuglien wins face-off versus Jan Bulis in neutral zone.
16:20 of 1st period - Slapshot by Brad Stuart.
16:20 of 1st period - Stopped by Jimmy Howard with a rebound.
16:22 of 1st period - Wrist shot by Adam Deadmarsh.
16:22 of 1st period - Deflect By Chris Kelly.
16:22 of 1st period - Stopped by Jimmy Howard with a rebound.
17:15 of 1st period - Snap shot by Jason Ward.
17:15 of 1st period - Shot Blocked by Dave Tanabe.
17:27 of 1st period - Jan Bulis is hit by Rostislav Olesz and loses puck.
17:56 of 1st period - Snap shot by Jason Pominville.
17:56 of 1st period - Deflect By Michael Rupp.
17:56 of 1st period - Shot Misses the Net.
17:56 of 1st period - Puck is out of play.
17:57 of 1st period - Marc Savard wins face-off versus Jason Allison in Blue Jackets zone.
17:57 of 1st period - Marc Savard is hit by Corey Perry.
18:08 of 1st period - Minor Penalty to Wade Redden for Tripping.
18:09 of 1st period - Marc Savard wins face-off versus Jason Allison in Blue Jackets zone.
18:19 of 1st period - Slapshot by Drew Doughty.
18:19 of 1st period - Shot Hit the Post.
18:21 of 1st period - Slapshot by Dave Tanabe.
18:21 of 1st period - Shot Blocked by Kevin Bieksa.
Goals for this period are 1 for Blue Jackets vs 0 for Avalanche.
Shots for this period are 9 for Blue Jackets vs 4 for Avalanche.
2nd period
0:01 of 2nd period - Marc Savard wins face-off versus Jason Allison in neutral zone.
0:06 of 2nd period - Ryan Smyth is hit by A.J Thelen and loses puck.
0:08 of 2nd period - Penalty to Wade Redden is over, Wade Redden is back on ice.
0:30 of 2nd period - Snap shot by Michael Rupp.
0:30 of 2nd period - Shot Blocked by Kevin Bieksa.
0:51 of 2nd period - Slapshot by Kevin Bieksa.
0:51 of 2nd period - Stopped by Jimmy Howard without a rebound.
0:52 of 2nd period - Chuck Kobasew wins face-off versus Dave Steckel in Avalanche zone.
1:00 of 2nd period - Minor Penalty to Andrew Ladd for Roughing.
1:01 of 2nd period - Dustin Byfuglien wins face-off versus Marc Savard in Avalanche zone.
1:09 of 2nd period - Blake Wheeler is hit by Michael Rupp and loses puck.
3:00 of 2nd period - Penalty to Andrew Ladd is over, Andrew Ladd is back on ice.
3:10 of 2nd period - Kevin Bieksa is hit by Corey Perry and loses puck.
4:34 of 2nd period - Jan Bulis is hit by Jack Johnson and loses puck.
5:55 of 2nd period - Backhand shot by Andreas Nodl.
5:55 of 2nd period - Shot Misses the Net.
6:03 of 2nd period - Brian Campbell is hit by Dave Steckel and loses puck.
6:27 of 2nd period - Off-side.
6:28 of 2nd period - Marc Savard wins face-off versus Bryan Little in neutral zone.
6:58 of 2nd period - Wrist shot by Ramzi Abid.
6:58 of 2nd period - Stopped by Jimmy Howard without a rebound.
6:59 of 2nd period - Jason Allison wins face-off versus Marc Savard in Avalanche zone.
7:07 of 2nd period - Off-side.
7:08 of 2nd period - Marc Savard wins face-off versus Bryan Little in neutral zone.
7:10 of 2nd period - Off-side.
7:11 of 2nd period - Bryan Little wins face-off versus Marc Savard in neutral zone.
7:23 of 2nd period - Slapshot by Jason Pominville.
7:23 of 2nd period - Stopped by Rick DiPietro without a rebound.
7:24 of 2nd period - Jason Allison wins face-off versus Marc Savard in Blue Jackets zone.
7:49 of 2nd period - Jason Pominville is hit by Marcus Nilson and loses puck.
8:04 of 2nd period - Minor Penalty to Marcus Nilson for Holding.
8:05 of 2nd period - Jason Allison wins face-off versus Marc Savard in Blue Jackets zone.
8:32 of 2nd period - Brad Stuart is hit by Max Pacioretty and loses puck.
10:04 of 2nd period - Penalty to Marcus Nilson is over, Marcus Nilson is back on ice.
10:40 of 2nd period - Wrist shot by Marcus Nilson.
10:40 of 2nd period - Shot Misses the Net.
10:42 of 2nd period - Slapshot by David Booth.
10:42 of 2nd period - Shot Misses the Net.
10:44 of 2nd period - Wrist shot by Marcus Nilson.
10:44 of 2nd period - Stopped by Jimmy Howard with a rebound.
10:46 of 2nd period - Wrist shot by David Booth.
10:46 of 2nd period - Stopped by Jimmy Howard with a rebound.
10:48 of 2nd period - Snap shot by Marcus Nilson.
10:48 of 2nd period - Shot Misses the Net.
11:02 of 2nd period - Snap shot by Drew Doughty.
11:02 of 2nd period - Shot Blocked by Kevin Bieksa.
11:04 of 2nd period - Backhand shot by Max Pacioretty.
11:04 of 2nd period - Goal by Max Pacioretty - Blue Jackets : 1 - Avalanche : 1.
11:05 of 2nd period - Jan Bulis wins face-off versus Jason Allison in neutral zone.
11:08 of 2nd period - Ryan Smyth is hit by Jason Ward and loses puck.
11:19 of 2nd period - Snap shot by Ramzi Abid.
11:19 of 2nd period - Shot Misses the Net.
11:46 of 2nd period - Snap shot by Ramzi Abid.
11:46 of 2nd period - Shot Misses the Net.
12:00 of 2nd period - Wrist shot by Andrew Ladd.
12:00 of 2nd period - Shot Misses the Net.
12:02 of 2nd period - Slapshot by Brian Campbell.
12:02 of 2nd period - Shot Blocked by Blake Wheeler.
13:28 of 2nd period - Slapshot by Marc Staal.
13:28 of 2nd period - Stopped by Rick DiPietro with a rebound.
13:30 of 2nd period - Slapshot by Drew Doughty.
13:30 of 2nd period - Deflect By Rostislav Olesz.
13:30 of 2nd period - Stopped by Rick DiPietro with a rebound.
13:49 of 2nd period - Off-side.
13:50 of 2nd period - Bryan Little wins face-off versus Marc Savard in neutral zone.
14:05 of 2nd period - Snap shot by Jason Pominville.
14:05 of 2nd period - Stopped by Rick DiPietro with a rebound.
14:15 of 2nd period - Jason Pominville is hit by Blake Wheeler and loses puck.
14:34 of 2nd period - David Booth is hit by Bryan Little and loses puck.
14:39 of 2nd period - Snap shot by Bryan Little.
14:39 of 2nd period - Stopped by Rick DiPietro without a rebound.
14:40 of 2nd period - Jason Allison wins face-off versus Jan Bulis in Blue Jackets zone.
15:28 of 2nd period - Jeff Taffe is hit by Max Pacioretty.
16:15 of 2nd period - Slapshot by Andrew Ladd.
16:15 of 2nd period - Stopped by Rick DiPietro without a rebound.
16:16 of 2nd period - Marc Savard wins face-off versus Maxim Talbot in Blue Jackets zone.
16:18 of 2nd period - Minor Penalty to Wade Redden for Holding Stick.
16:19 of 2nd period - Corey Perry wins face-off versus Marc Savard in Blue Jackets zone.
16:23 of 2nd period - Slapshot by Corey Perry.
16:23 of 2nd period - Stopped by Rick DiPietro without a rebound.
16:24 of 2nd period - Jason Allison wins face-off versus Marc Savard in Blue Jackets zone.
16:25 of 2nd period - Snap shot by Corey Perry.
16:25 of 2nd period - Shot Misses the Net.
16:27 of 2nd period - Slapshot by Jason Allison.
16:27 of 2nd period - Shot Misses the Net.
17:45 of 2nd period - A.J Thelen is hit by Max Pacioretty and loses puck.
18:04 of 2nd period - Dave Tanabe is hit by Kevin Bieksa and loses puck.
18:18 of 2nd period - Penalty to Wade Redden is over, Wade Redden is back on ice.
18:25 of 2nd period - Snap shot by Marc Savard.
18:25 of 2nd period - Shot Misses the Net.
18:51 of 2nd period - François Beauchemin is hit by Maxim Talbot and loses puck.
19:02 of 2nd period - Snap shot by Jason Ward.
19:02 of 2nd period - Shot Misses the Net.
19:52 of 2nd period - Maxim Talbot is hit by Mike Commodore and loses puck.
Goals for this period are 0 for Blue Jackets vs 1 for Avalanche.
Shots for this period are 4 for Blue Jackets vs 8 for Avalanche.
3rd period
0:01 of 3rd period - Jason Allison wins face-off versus Marc Savard in neutral zone.
0:04 of 3rd period - Kevin Bieksa is hit by Jason Allison.
0:37 of 3rd period - Corey Perry is hit by Chris Kelly and loses puck.
0:48 of 3rd period - Ramzi Abid is hit by Michael Rupp and loses puck.
1:14 of 3rd period - Marc Savard is hit by Brian Campbell and loses puck.
1:21 of 3rd period - Slapshot by Brad Stuart.
1:21 of 3rd period - Stopped by Jimmy Howard without a rebound.
1:22 of 3rd period - Bryan Little wins face-off versus Chris Kelly in Avalanche zone.
1:28 of 3rd period - Minor Penalty to A.J Thelen for Hooking.
1:29 of 3rd period - Marc Savard wins face-off versus Jason Allison in Blue Jackets zone.
1:29 of 3rd period - Marc Savard is hit by Jason Allison.
1:33 of 3rd period - Off-side.
1:34 of 3rd period - Corey Perry wins face-off versus Marc Savard in neutral zone.
2:21 of 3rd period - François Beauchemin is hit by Jack Johnson and loses puck.
3:17 of 3rd period - Jason Pominville is hit by Jeff Taffe.
3:28 of 3rd period - Penalty to A.J Thelen is over, A.J Thelen is back on ice.
3:33 of 3rd period - Wade Redden is hit by Andrew Ladd and loses puck.
3:40 of 3rd period - Wrist shot by Chuck Kobasew.
3:40 of 3rd period - Stopped by Rick DiPietro with a rebound.
3:42 of 3rd period - Backhand shot by Maxim Talbot.
3:42 of 3rd period - Stopped by Rick DiPietro with a rebound.
3:44 of 3rd period - Wrist shot by Maxim Talbot.
3:44 of 3rd period - Stopped by Rick DiPietro with a rebound.
3:46 of 3rd period - Slapshot by Maxim Talbot.
3:46 of 3rd period - Goal by Maxim Talbot - Blue Jackets : 1 - Avalanche : 2.
3:47 of 3rd period - Jason Allison wins face-off versus Marc Savard in neutral zone.
4:38 of 3rd period - Wrist shot by Marcus Nilson.
4:38 of 3rd period - Shot Misses the Net.
4:40 of 3rd period - Wrist shot by Adam Deadmarsh.
4:40 of 3rd period - Shot Blocked by Marc Staal.
4:42 of 3rd period - Wrist shot by Marcus Nilson.
4:42 of 3rd period - Shot Blocked by Drew Doughty.
4:44 of 3rd period - Wrist shot by Chris Kelly.
4:44 of 3rd period - Shot Misses the Net.
4:46 of 3rd period - Wrist shot by Chris Kelly.
4:46 of 3rd period - Stopped by Jimmy Howard without a rebound.
4:47 of 3rd period - Marc Savard wins face-off versus Jason Allison in Avalanche zone.
4:50 of 3rd period - Snap shot by Marc Savard.
4:50 of 3rd period - Shot Misses the Net.
4:52 of 3rd period - Wrist shot by David Booth.
4:52 of 3rd period - Stopped by Jimmy Howard without a rebound.
4:53 of 3rd period - Marc Savard wins face-off versus Jason Allison in Avalanche zone.
5:04 of 3rd period - Snap shot by Blake Wheeler.
5:04 of 3rd period - Shot Misses the Net.
5:06 of 3rd period - Snap shot by Marc Savard.
5:06 of 3rd period - Stopped by Jimmy Howard with a rebound.
5:08 of 3rd period - Slapshot by Blake Wheeler.
5:08 of 3rd period - Shot Blocked by Shane O'Brien.
5:28 of 3rd period - Wrist shot by Jason Ward.
5:28 of 3rd period - Shot Misses the Net.
5:38 of 3rd period - Wrist shot by Jeff Taffe.
5:38 of 3rd period - Shot Misses the Net.
5:40 of 3rd period - Slapshot by Mike Commodore.
5:40 of 3rd period - Shot Misses the Net.
5:42 of 3rd period - Slapshot by A.J Thelen.
5:42 of 3rd period - Shot Blocked by Shane O'Brien.
5:44 of 3rd period - Wrist shot by Dave Steckel.
5:44 of 3rd period - Goal by Dave Steckel - Blue Jackets : 2 - Avalanche : 2.
5:45 of 3rd period - Jason Allison wins face-off versus Blake Wheeler in neutral zone.
5:48 of 3rd period - Slapshot by Drew Doughty.
5:48 of 3rd period - Shot Misses the Net.
5:50 of 3rd period - Slapshot by Drew Doughty.
5:50 of 3rd period - Stopped by Rick DiPietro with a rebound.
5:52 of 3rd period - Wrist shot by Drew Doughty.
5:52 of 3rd period - Deflect By Corey Perry.
5:52 of 3rd period - Stopped by Rick DiPietro without a rebound.
5:53 of 3rd period - David Booth wins face-off versus Jason Allison in Blue Jackets zone.
5:53 of 3rd period - David Booth is hit by Corey Perry.
6:09 of 3rd period - Wrist shot by Ryan Smyth.
6:09 of 3rd period - Stopped by Rick DiPietro without a rebound.
6:10 of 3rd period - Bryan Little wins face-off versus Ramzi Abid in Blue Jackets zone.
6:23 of 3rd period - Slapshot by Wade Redden.
6:23 of 3rd period - Stopped by Jimmy Howard without a rebound.
6:24 of 3rd period - Jason Allison wins face-off versus Marc Savard in Avalanche zone.
6:24 of 3rd period - Jason Allison is hit by Marc Savard.
6:36 of 3rd period - Backhand shot by David Booth.
6:36 of 3rd period - Deflect By Marc Savard.
6:36 of 3rd period - Shot Misses the Net.
6:36 of 3rd period - Puck is out of play.
6:37 of 3rd period - Marc Savard wins face-off versus Bryan Little in Avalanche zone.
6:43 of 3rd period - Off-side.
6:44 of 3rd period - Marc Savard wins face-off versus Michael Rupp in neutral zone.
6:51 of 3rd period - Wrist shot by Marc Savard.
6:51 of 3rd period - Shot Blocked by Shane O'Brien.
7:35 of 3rd period - Snap shot by Marcus Nilson.
7:35 of 3rd period - Stopped by Jimmy Howard without a rebound.
7:36 of 3rd period - Bryan Little wins face-off versus Chris Kelly in Avalanche zone.
7:51 of 3rd period - Wrist shot by Marc Staal.
7:51 of 3rd period - Shot Misses the Net.
8:24 of 3rd period - Snap shot by Jan Bulis.
8:24 of 3rd period - Stopped by Jimmy Howard with a rebound.
8:30 of 3rd period - Wrist shot by Jan Bulis.
8:30 of 3rd period - Stopped by Jimmy Howard without a rebound.
8:31 of 3rd period - Marc Savard wins face-off versus Jason Allison in Avalanche zone.
8:32 of 3rd period - Snap shot by David Booth.
8:32 of 3rd period - Stopped by Jimmy Howard with a rebound.
8:34 of 3rd period - Snap shot by Blake Wheeler.
8:34 of 3rd period - Shot Blocked by Drew Doughty.
8:36 of 3rd period - Slapshot by Wade Redden.
8:36 of 3rd period - Stopped by Jimmy Howard with a rebound.
8:42 of 3rd period - Slapshot by Blake Wheeler.
8:42 of 3rd period - Shot Misses the Net.
8:44 of 3rd period - Snap shot by Blake Wheeler.
8:44 of 3rd period - Shot Misses the Net.
8:56 of 3rd period - Ramzi Abid is hit by Michael Rupp and loses puck.
9:09 of 3rd period - Bryan Little is hit by Wade Redden.
9:31 of 3rd period - Wrist shot by Jason Pominville.
9:31 of 3rd period - Shot Misses the Net.
10:02 of 3rd period - Off-side.
10:03 of 3rd period - Maxim Talbot wins face-off versus Chris Kelly in neutral zone.
10:05 of 3rd period - Drew Doughty is hit by Kevin Bieksa.
10:28 of 3rd period - Maxim Talbot is hit by Kevin Bieksa and loses puck.
10:53 of 3rd period - Brad Stuart is hit by Corey Perry and loses puck.
11:02 of 3rd period - Wrist shot by Corey Perry.
11:02 of 3rd period - Deflect By Ryan Smyth.
11:02 of 3rd period - Goal by Ryan Smyth - Blue Jackets : 2 - Avalanche : 3.
11:03 of 3rd period - Bryan Little wins face-off versus Marc Savard in neutral zone.
11:12 of 3rd period - Snap shot by Bryan Little.
11:12 of 3rd period - Stopped by Rick DiPietro with a rebound.
11:16 of 3rd period - Snap shot by Bryan Little.
11:16 of 3rd period - Shot Misses the Net.
11:18 of 3rd period - Wrist shot by Jason Pominville.
11:18 of 3rd period - Shot Blocked by Kevin Bieksa.
11:45 of 3rd period - Minor Penalty to Corey Perry for Holding.
11:46 of 3rd period - Marc Savard wins face-off versus Dustin Byfuglien in Avalanche zone.
12:37 of 3rd period - Snap shot by David Booth.
12:37 of 3rd period - Stopped by Jimmy Howard without a rebound.
12:38 of 3rd period - Dustin Byfuglien wins face-off versus Chris Kelly in Avalanche zone.
12:49 of 3rd period - Snap shot by Jason Ward.
12:49 of 3rd period - Stopped by Jimmy Howard with a rebound.
12:59 of 3rd period - Marc Staal is hit by Marcus Nilson and loses puck.
13:20 of 3rd period - Backhand shot by Brad Stuart.
13:20 of 3rd period - Shot Blocked by Jack Johnson.
13:45 of 3rd period - Penalty to Corey Perry is over, Corey Perry is back on ice.
13:48 of 3rd period - Jason Allison is hit by Kevin Bieksa and loses puck.
13:55 of 3rd period - Snap shot by Andreas Nodl.
13:55 of 3rd period - Goal by Andreas Nodl - Blue Jackets : 3 - Avalanche : 3.
13:56 of 3rd period - Bryan Little wins face-off versus Marc Savard in neutral zone.
14:26 of 3rd period - Minor Penalty to Shane O'Brien for Holding.
14:27 of 3rd period - Dustin Byfuglien wins face-off versus Marc Savard in Avalanche zone.
14:27 of 3rd period - Dustin Byfuglien is hit by Blake Wheeler.
14:42 of 3rd period - Wrist shot by David Booth.
14:42 of 3rd period - Shot Misses the Net.
14:58 of 3rd period - Slapshot by Kevin Bieksa.
14:58 of 3rd period - Shot Misses the Net.
15:00 of 3rd period - Slapshot by Kevin Bieksa.
15:00 of 3rd period - Stopped by Jimmy Howard without a rebound.
15:01 of 3rd period - Marc Savard wins face-off versus Andrew Ladd in Avalanche zone.
15:32 of 3rd period - Slapshot by François Beauchemin.
15:32 of 3rd period - Shot Hit the Post.
16:26 of 3rd period - Penalty to Shane O'Brien is over, Shane O'Brien is back on ice.
16:56 of 3rd period - Brian Campbell is hit by Dave Steckel.
17:43 of 3rd period - Adam Deadmarsh is hit by Dustin Byfuglien and loses puck.
18:04 of 3rd period - Corey Perry is hit by Chris Kelly and loses puck.
19:37 of 3rd period - Minor Penalty to Bryan Little for Tripping.
19:38 of 3rd period - Chris Kelly wins face-off versus Dustin Byfuglien in Avalanche zone.
19:43 of 3rd period - Wrist shot by Chris Kelly.
19:43 of 3rd period - Stopped by Jimmy Howard without a rebound.
19:44 of 3rd period - Chris Kelly wins face-off versus Dustin Byfuglien in Avalanche zone.
19:49 of 3rd period - Wrist shot by Marcus Nilson.
19:49 of 3rd period - Stopped by Jimmy Howard without a rebound.
19:50 of 3rd period - Dustin Byfuglien wins face-off versus Marc Savard in Avalanche zone.
Goals for this period are 2 for Blue Jackets vs 2 for Avalanche.
Shots for this period are 17 for Blue Jackets vs 9 for Avalanche.
Overtime #1
0:01 of 1st overtime period - Jason Pominville wins face-off versus Marc Savard in neutral zone.
0:34 of 1st overtime period - Marc Staal is hit by Kevin Bieksa.
0:44 of 1st overtime period - Chris Kelly is hit by Marc Staal and loses puck.
0:49 of 1st overtime period - Wrist shot by Dustin Byfuglien.
0:49 of 1st overtime period - Shot Blocked by François Beauchemin.
0:51 of 1st overtime period - Slapshot by Jack Johnson.
0:51 of 1st overtime period - Shot Blocked by Brad Stuart.
1:36 of 1st overtime period - Icing by Wade Redden.
1:37 of 1st overtime period - Penalty to Bryan Little is over, Bryan Little is back on ice.
1:37 of 1st overtime period - Marc Savard wins face-off versus Corey Perry in Blue Jackets zone.
2:13 of 1st overtime period - Snap shot by Jan Bulis.
2:13 of 1st overtime period - Deflect By Ramzi Abid.
2:13 of 1st overtime period - Stopped by Jimmy Howard without a rebound.
2:14 of 1st overtime period - Marc Savard wins face-off versus Corey Perry in Avalanche zone.
2:49 of 1st overtime period - Slapshot by Jack Johnson.
2:49 of 1st overtime period - Deflect By François Beauchemin.
2:49 of 1st overtime period - Stopped by Rick DiPietro with a rebound.
2:54 of 1st overtime period - Off-side.
2:55 of 1st overtime period - Marc Savard wins face-off versus Corey Perry in neutral zone.
3:42 of 1st overtime period - Snap shot by Ramzi Abid.
3:42 of 1st overtime period - Shot Misses the Net.
3:44 of 1st overtime period - Slapshot by Jan Bulis.
3:44 of 1st overtime period - Shot Misses the Net.
4:29 of 1st overtime period - Jack Johnson is hit by David Booth and loses puck.
4:41 of 1st overtime period - Marc Staal is hit by Jan Bulis and loses puck.
Goals for this period are 0 for Blue Jackets vs 0 for Avalanche.
Shots for this period are 1 for Blue Jackets vs 1 for Avalanche.
ShootOut
5:00 of 1st overtime period - Penalty Shot by Marc Savard for Blue Jackets.
5:00 of 1st overtime period - Wrist shot by Marc Savard.
5:00 of 1st overtime period - Stopped by Jimmy Howard.
5:00 of 1st overtime period - Penalty Shot by Corey Perry for Avalanche.
5:00 of 1st overtime period - Snap shot by Corey Perry.
5:00 of 1st overtime period - Stopped by Rick DiPietro.
5:00 of 1st overtime period - Penalty Shot by David Booth for Blue Jackets.
5:00 of 1st overtime period - Backhand shot by David Booth.
5:00 of 1st overtime period - Stopped by Jimmy Howard.
5:00 of 1st overtime period - Penalty Shot by Ryan Smyth for Avalanche.
5:00 of 1st overtime period - Snap shot by Ryan Smyth.
5:00 of 1st overtime period - Stopped by Rick DiPietro.
5:00 of 1st overtime period - Penalty Shot by Blake Wheeler for Blue Jackets.
5:00 of 1st overtime period - Deke by Blake Wheeler.
5:00 of 1st overtime period - Shot Misses the Net.
5:00 of 1st overtime period - Penalty Shot by Bryan Little for Avalanche.
5:00 of 1st overtime period - Wrist shot by Bryan Little.
5:00 of 1st overtime period - Shot Misses the Net.
5:00 of 1st overtime period - Penalty Shot by Chris Kelly for Blue Jackets.
5:00 of 1st overtime period - Backhand shot by Chris Kelly.
5:00 of 1st overtime period - Goal by Chris Kelly.
5:00 of 1st overtime period - Penalty Shot by Jason Pominville for Avalanche.
5:00 of 1st overtime period - Wrist shot by Jason Pominville.
5:00 of 1st overtime period - Shot Misses the Net.
Output by the SimonT Hockey Simulator (STHS) for François Prévost -- Original Page W3C XHTML 1.0 Valid